 Dungeon Sprint DCSS version 0.21.1-1-g345015f (webtiles) character file.

50957 raistware the Slayer (level 14, -1/174 HPs)
             Began as a Gargoyle Berserker on Apr 17, 2018.
             Was the Champion of Trog.
             Slain by a balrug
             ... wielding a +1 vampiric halberd
              (4 damage)
             ... in the Dungeon (Sprint V: "Ziggurat Sprint") on Apr 18, 2018.
             The game lasted 01:00:08 (2528 turns).

raistware the Slayer (Gargoyle Berserker)           Turns: 2528, Time: 01:00:09

Health: -1/174     AC: 47    Str: 33    XL:     14   Next: 57%
Magic:  14/14      EV:  8    Int: 14    God:    Trog [******]
Gold:   0          SH: 18    Dex: 11    Spells: 13/13 levels left

rFire    + + +     SeeInvis +   F - +12 lance "Wyrmbane" {slay drac, rPois rF+ rC+ AC+3}
rCold    + + +     Gourm    .   N - +2 shield {reflect}
rNeg     + . .     Faith    .   D - +5 gold dragon scales
rPois    ∞         Spirit   .   V - +1 helmet {SInv}
rElec    +         Reflect  +   Q - +1 cloak of Doytiog {MR+}
rCorr    .         Harm     .   (no gloves)
MR       ++++.     NoTele   +   (no boots)
Stlth    ..........             (no amulet)
HPRegen  1.39/turn              y - +6 ring of strength
MPRegen  0.14/turn              m - ring "Funniwu" {rF+ rC+ Int+4}

@: berserking, regenerating, studying 2 skills, very quick
A: big wings, negative energy resistance 1, electricity resistance, unbreathing,
petrification resistance, rot immunity, AC +10
a: Fly, Berserk, Trog's Hand, Brothers in Arms, Burn Spellbooks, Renounce
Religion


You were in the Dungeon.
You worshipped Trog.
Trog was exalted by your worship.
You were not hungry.

You visited 1 branch

Inventory:

Hand Weapons
 b - the +7 great mace "Undeadhunter" {disrupt, rN+}
   (You found it in the Dungeon)

   It protects you from negative energy.
 F - the +12 lance "Wyrmbane" (weapon) {slay drac, rPois rF+ rC+ AC+3}
   (You found it in the Dungeon)

   It affects your AC (+3).
   It protects you from fire.
   It protects you from cold.
   It protects you from poison.
 G - a +5 battleaxe of freezing
 P - the +6 eveningstar of the Pyrrhic Victory {vamp, rN+}
   (Trog gifted it to you in the Dungeon)

   It inflicts no extra harm, but heals its wielder when it wounds a living foe.
   It protects you from negative energy.
Armour
 D - +5 gold dragon scales (worn)
 J - a +3 large shield
 N - a +2 shield of reflection (worn)
 Q - the +1 cloak of Doytiog (worn) {MR+}
   (You found it in the Dungeon)

   It affects your resistance to hostile enchantments.
 V - a +1 helmet of see invisible (worn)
Jewellery
 m - the ring "Funniwu" (right hand) {rF+ rC+ Int+4}
   (You found it in the Dungeon)

   [ring of protection from cold]

   It affects your intelligence (+4).
   It protects you from fire.
   It protects you from cold.
 u - a +6 ring of dexterity
 w - a +6 ring of intelligence
 y - a +6 ring of strength (left hand)
 z - a +6 ring of strength
 S - an uncursed ring of protection from fire
 T - the ring of Accord {rElec Int+2 Dex+2 Stlth-}
   (You found it in the Dungeon)

   [ring of loudness]

   It affects your intelligence (+2).
   It affects your dexterity (+2).
   It insulates you from electricity.
   It makes you less stealthy.
 W - a +2 ring of strength
 Z - an uncursed ring of positive energy
Wands
 A - a wand of disintegration (7)
 B - a wand of iceblast (3)
 C - a wand of acid (5)
Scrolls
 i - 3 scrolls of blinking
 p - 6 scrolls of fog
 q - a scroll of holy word
 r - 3 scrolls of identify
 s - 5 scrolls of remove curse
 t - 2 scrolls of fear
Potions
 d - 9 potions of curing
 e - 2 potions of heal wounds
 f - 4 potions of haste
 g - 7 potions of magic
 h - 2 potions of berserk rage
 j - 2 potions of brilliance
 k - a potion of invisibility
 l - 4 potions of resistance
 n - 4 potions of agility
 o - 5 potions of might
Books
 a - a manual of Stealth
 v - a manual of Crossbows
 O - a manual of Crossbows
Miscellaneous
 E - a phial of floods
 H - a lightning rod (4/4)
 I - a lamp of fire
 M - a phial of floods
 U - a lightning rod (4/4)
 X - a phantom mirror
Comestibles
 c - 4 rations
 x - 2 chunks of flesh


   Skills:
 + Level 24.8 Fighting
 + Level 12.6 Maces & Flails
 - Level 12.4 Polearms
 + Level 11.7 Crossbows
 * Level 20.3 Armour
 + Level 1.5 Dodging
 + Level 18.7 Shields


You had 13 spell levels left.
You didn't know any spells.

Dungeon Overview and Level Annotations

Branches:
Dungeon (1/1)

Altars:
Ashenzari
Cheibriados
Dithmenos
Elyvilon
Fedhas
Gozag
Hepliaklqana
Kikubaaqudgha
Makhleb
Nemelex Xobeh
Okawaru
Qazlal
Ru
Sif Muna
Trog
Uskayaw
Vehumet
Wu Jian
Xom
Yredelemnul
Zin
The Shining One
Beogh
Jiyva
Lugonu


Innate Abilities, Weirdness & Mutations

You are resistant to torment.
Your stone body is resilient. (AC +10)
You are immune to poison.
Your large and strong wings let you fly indefinitely.
You resist negative energy. (rN+)
You are resistant to electric shocks. (rElec)
You can survive without breathing.
You are immune to petrification.
You are immune to rotting.


Message History

Trog accepts your kill. You block the balrug's attack.
The efreet gestures at you.
The fireball explodes!
The fireball engulfs you! You resist.
* * * LOW HITPOINT WARNING * * *
The fireball engulfs the hell hound.
The hell hound completely resists.
The fireball engulfs the fire giant.
The fire giant resists.
You puncture the fire giant!
The fire giant is lightly wounded.
The hell hound breathes flames at you.
The blast of flame hits the fire giant.
The fire giant resists.
The blast of flame hits you! You resist.
You impale the fire giant!!
The fire giant is moderately wounded.
You puncture the fire giant!
The fire giant is heavily wounded.
The balrug hits you from afar with a +1 vampiric halberd.
* * * LOW HITPOINT WARNING * * *
You are engulfed in flames.
You resist.
You die...

▓..§..§.§R.. ▓.
▓.....§........ ▓.
▓...............▓.
▓...............▓.
▓§§.▓.......▓.. ▓.
▓R§▓h▓.....▓.▓ .▓▓
▓R2R▓.......▓...▓.
▓hCR............▓.
▓@h.2...©.......▓.
▓▓▓▓▓▓▓▓▓▓▓▓▓▓▓▓▓.
▓. ▓. ▓. ▓. ▓. ▓.
▓.


You could see a fire giant, 2 balrugs, 4 efreet and 3 hell hounds.

Vanquished Creatures
  An orb of fire (D)
  A shadow dragon (D)
  An emperor scorpion (D)
  A balrug (D)
  2 ghouls (D)
  2 starcursed masses (D)
  A spark wasp (D)
  A merfolk javelineer (D)
  2 fire dragons (D)
  2 blizzard demons (D)
  A merfolk impaler (D)
  A hydra (D)
  2 ice dragons (D)
  A merfolk aquamancer (D)
  3 hell hogs (D)
  A spriggan berserker (D)
  A soul eater (D)
  A death drake (D)
  A swamp dragon (D)
  3 wolf spiders (D)
  A manticore (D)
  2 draconians (D)
  A salamander (shapeshifter) (D)
  A moth of wrath (D)
  A merfolk siren (D)
  A freezing wraith (D)
  A rime drake (D)
  4 demonic crawlers (D)
  A dryad (D)
  A merfolk (D)
  4 wind drakes (D)
  6 hornets (D)
  3 air elementals (D)
  A redback (D)
  A ynoxinul (D)
  2 steam dragons (D)
  A yak (D)
  2 fire elementals (D)
  A small abomination (D)
  An acid dragon (D)
  A water moccasin (D)
  A hell hound (D)
  2 porcupines (D)
  A swamp drake (D)
  An ice beast (D)
  2 wolves (D)
  A bullfrog (D)
  3 crimson imps (D)
  5 quasits (D)
  An orc priest (D)
  4 iron imps (D)
  An orc wizard (D)
  An adder (D)
  2 ufetubi (D)
  An adder simulacrum (D)
  3 orcs (D)
  2 ball pythons (D)
  A bat skeleton (D)
  2 bat simulacra (D)
  2 spectral leopard geckos (D)
  2 fire vortices (D)
104 creatures vanquished.

Vanquished Creatures (collateral kills)
  A lich (D)
  A frost giant (D)
  A spriggan defender (D)
  3 vampire knights (D)
  An entropy weaver (D)
  A dire elephant (D)
  A merfolk javelineer (D)
  A fire dragon (D)
  An ice dragon (D)
  A hydra (D)
  2 spriggan air magi (D)
  An alligator snapping turtle (D)
  A merfolk aquamancer (D)
  4 satyrs (D)
  2 vampire magi (D)
  2 hell hogs (D)
  2 spriggan berserkers (D)
  A soul eater (D)
  2 fire crabs (shapeshifter) (D)
  4 spriggan druids (D)
  8 necromancers (D)
  A lindwurm (shapeshifter) (D)
  A wolf spider (D)
  An ugly thing (D)
  2 moths of wrath (D)
  A manticore (D)
  A spiny frog (D)
  An efreet (D)
  A dryad (D)
  A freezing wraith (D)
  An ice devil (D)
  4 demonic crawlers (D)
  4 jumping spiders (D)
  3 hornets (D)
  A redback (D)
  3 tarantellas (D)
  5 shadows (D)
  3 vampires (D)
  A neqoxec (D)
  A golden eye (shapeshifter) (D)
  A small abomination (D)
  A hell hound (D)
  An ice beast (D)
  A necrophage (D)
  An ogre (shapeshifter) (D)
  A centaur (D)
  3 wights (D)
  4 starcursed masses (D)
  A white imp (D)
  An ufetubus (D)
  2 adder zombies (D)
  An adder skeleton (D)
  A bat skeleton (D)
  2 bat zombies (D)
  2 giant cockroach zombies (D)
  A leopard gecko simulacrum (D)
  A leopard gecko zombie (D)
  A quokka skeleton (D)
  A spectral giant cockroach (D)
104 creatures vanquished.

Vanquished Creatures (others)
  2 insubstantial wisps (D)
2 creatures vanquished.

Grand Total: 210 creatures vanquished

Notes
Turn   | Place    | Note
-------+----------+-------------------------------------------
     0 | D        | Found the +6 Majin-Bo {vamp, Archmagi MP+6 Int+6}
     0 | D        | Found the +7 great mace "Firestarter" {inner flame, rF++}
     0 | D        | raistware the Gargoyle Berserker began the quest for the Orb.
     0 | D        | Reached XP level 1. HP: 14/14 MP: 1/1
     0 | D        | Found a deep blue altar of Sif Muna.
     0 | D        | Found a sacrificial altar of Ru.
     0 | D        | Found a bloodstained altar of Trog.
     0 | D        | Found a stormy altar of Qazlal.
     0 | D        | Found an iron altar of Okawaru.
     0 | D        | Found a sparkling altar of Nemelex Xobeh.
     0 | D        | Found a blossoming altar of Fedhas.
     2 | D        | Found a transporter.
     2 | D        | Found an ancient bone altar of Kikubaaqudgha.
     2 | D        | Found a viscous altar of Jiyva.
     2 | D        | Found a corrupted altar of Lugonu.
     2 | D        | Found a hazy altar of Hepliaklqana.
     2 | D        | Found a burning altar of Makhleb.
     2 | D        | Found an opulent altar of Gozag.
    19 | D        | Found the +9 heavy crossbow "Sniper" {velocity, Acc+∞ SInv}
    19 | D        | Found the +10 dark maul {crush}
    19 | D        | Found the +15 Maxwell's patent armour {-Cast -Tele rElec MR+ rCorr}
    19 | D        | Found the +18 shield of the Gong {rElec rN+ MR+ EV-5}
    19 | D        | Found the cursed +14 obsidian axe {chop, +Fly SInv *Curse}
    20 | D        | Found the +6 shillelagh "Devastator" {shatter}
    20 | D        | Found the +11 plutonium sword {*Contam Stlth-}
    20 | D        | Found the +8 lance "Wyrmbane" {slay drac, rPois rF+ rC+ AC+3}
    20 | D        | Found the +9 sword of Zonguldrok {reap}
    20 | D        | Found the cursed +13 scythe of Curses {drain, *Curse}
    20 | D        | Found the +0 sword of Power
    20 | D        | Found the +8 mace of Variability {chaos}
    20 | D        | Found the +7 Singing Sword
    20 | D        | Found the +7 longbow "Piercer" {penet, EV-2}
   101 | D        | Entered arena 2.
   101 | D        | Noticed a draconian
   101 | D        | Noticed a draconian
   101 | D        | Found a transporter.
   106 | D        | Killed a draconian
   106 | D        | Reached XP level 2. HP: 15/19 MP: 2/2
   106 | D        | Reached XP level 3. HP: 18/23 MP: 3/3
   106 | D        | Reached XP level 4. HP: 22/28 MP: 4/4
   106 | D        | Reached XP level 5. HP: 25/32 MP: 5/5
   106 | D        | Reached XP level 6. HP: 29/37 MP: 6/6
   110 | D        | Killed a draconian
   110 | D        | Reached XP level 7. HP: 33/41 MP: 7/7
   244 | D        | Entered arena 3.
   244 | D        | Found a transporter.
   249 | D        | Reached ** piety under Trog
   249 | D        | Reached skill level 4 in Fighting
   255 | D        | Reached skill level 5 in Fighting
   264 | D        | Entered arena 4.
   264 | D        | Found a transporter.
   271 | D        | Reached *** piety under Trog
   273 | D        | Reached XP level 8. HP: 51/51 MP: 8/8
   280 | D        | Reached skill level 6 in Fighting
   300 | D        | Entered arena 5.
   300 | D        | Found a transporter.
   307 | D        | Reached **** piety under Trog
   329 | D        | Identified the Grimoire of the Voyage
   334 | D        | Entered arena 6.
   334 | D        | Found a transporter.
   339 | D        | Reached skill level 7 in Fighting
   343 | D        | Reached ***** piety under Trog
   367 | D        | Reached skill level 10 in Crossbows
   367 | D        | Reached XP level 9. HP: 48/57 MP: 9/9
   415 | D        | Entered arena 7.
   415 | D        | Noticed a starcursed mass
   416 | D        | Found the +7 great mace "Undeadhunter" {disrupt, rN+}
   416 | D        | Found a transporter.
   422 | D        | Reached skill level 8 in Fighting
   422 | D        | Reached skill level 5 in Armour
   428 | D        | Received a gift from Trog
   439 | D        | Killed a starcursed mass
   439 | D        | Reached skill level 11 in Fighting
   439 | D        | Reached skill level 10 in Shields
   440 | D        | Received a gift from Trog
   440 | D        | Reached XP level 10. HP: 70/70 MP: 10/10
   484 | D        | Entered arena 8.
   503 | D        | Reached skill level 12 in Fighting
   509 | D        | Received a gift from Trog
   512 | D        | Reached ****** piety under Trog
   514 | D        | Found a transporter.
   522 | D        | Got the ring "Funniwu" {rF+ rC+ Int+4}
   610 | D        | Entered arena 9.
   614 | D        | Received a gift from Trog
   614 | D        | Found a transporter.
   621 | D        | Reached skill level 13 in Fighting
   739 | D        | Identified the Disquisition on Ensnaring Necromancy
   751 | D        | Entered arena 10.
   751 | D        | Noticed a fire crab
   751 | D        | Noticed a salamander
   751 | D        | Noticed a fire crab
   751 | D        | Noticed a brown ugly thing
   754 | D        | Found a transporter.
   754 | D        | Noticed a lindwurm
   754 | D        | a yaktaur changed into a lindwurm
   756 | D        | Killed a fire crab
   760 | D        | Killed a fire crab
   760 | D        | Reached skill level 14 in Fighting
   769 | D        | Received a gift from Trog
   771 | D        | Killed a salamander
   771 | D        | Killed a lindwurm
   771 | D        | Received a gift from Trog
   780 | D        | Killed a brown ugly thing
   780 | D        | Received a gift from Trog
   870 | D        | Entered arena 11.
   870 | D        | Noticed a starcursed mass
   871 | D        | Found a transporter.
   876 | D        | Paralysed by accursed screaming for 1 turns
   889 | D        | Received a gift from Trog
   892 | D        | Killed a starcursed mass
   892 | D        | Reached XP level 11. HP: 45/80 MP: 11/11
   893 | D        | Received a gift from Trog
   897 | D        | Received a gift from Trog
   900 | D        | Killed a starcursed mass
   900 | D        | Reached skill level 15 in Fighting
   990 | D        | Entered arena 12.
   990 | D        | Noticed a four-headed hydra
   990 | D        | Noticed a death drake
   990 | D        | Noticed a fire dragon
   991 | D        | Noticed a swamp dragon
   991 | D        | Noticed an ice dragon
   992 | D        | Noticed a fire dragon
  1000 | D        | Killed a death drake
  1000 | D        | Received a gift from Trog
  1002 | D        | Killed a seven-headed hydra
  1002 | D        | Reached skill level 15 in Shields
  1003 | D        | Killed a fire dragon
  1003 | D        | Reached skill level 10 in Armour
  1012 | D        | Killed an ice dragon
  1012 | D        | Reached skill level 16 in Fighting
  1018 | D        | Killed a swamp dragon
  1018 | D        | Received a gift from Trog
  1021 | D        | Killed a fire dragon
  1021 | D        | Reached skill level 17 in Fighting
  1029 | D        | Found a transporter.
  1042 | D        | Got the +1 cloak of Doytiog {MR+}
  1052 | D        | Got the ring of Mehuocie {*Drain rC+ MR+ SInv}
  1056 | D        | Got the ring of Accord {rElec Int+2 Dex+2 Stlth-}
  1066 | D        | Entered arena 13.
  1066 | D        | Noticed a shadow dragon
  1066 | D        | Noticed a soul eater
  1066 | D        | Noticed a ghoul
  1066 | D        | Noticed a soul eater
  1068 | D        | Noticed a ghoul
  1069 | D        | Found a transporter.
  1077 | D        | Received a gift from Trog
  1082 | D        | Killed a soul eater
  1093 | D        | Killed a ghoul
  1093 | D        | Received a gift from Trog
  1093 | D        | Reached skill level 18 in Fighting
  1099 | D        | Killed a shadow dragon
  1112 | D        | Killed a ghoul
  1112 | D        | Reached skill level 19 in Fighting
  1112 | D        | Reached XP level 12. HP: 61/95 MP: 12/12
  1119 | D        | Killed a soul eater
  1214 | D        | Received a gift from Trog
  1216 | D        | Got the +6 hand axe of Guilt {holy, rC+}
  1332 | D        | Entered arena 14.
  1334 | D        | Noticed an alligator snapping turtle
  1334 | D        | Noticed a merfolk aquamancer
  1335 | D        | Noticed a merfolk impaler
  1335 | D        | Noticed a merfolk javelineer
  1335 | D        | Noticed a merfolk javelineer
  1339 | D        | Noticed a merfolk aquamancer
  1344 | D        | Killed a merfolk aquamancer
  1353 | D        | Killed an alligator snapping turtle
  1353 | D        | Received a gift from Trog
  1355 | D        | Killed a merfolk aquamancer
  1364 | D        | Killed a merfolk impaler
  1364 | D        | Reached skill level 20 in Fighting
  1369 | D        | Killed a merfolk javelineer
  1369 | D        | Received a gift from Trog
  1375 | D        | Killed a merfolk javelineer
  1388 | D        | Received a gift from Trog
  1391 | D        | Found a transporter.
  1433 | D        | Received a gift from Trog
  1433 | D        | Received a gift from Trog
  1437 | D        | Entered arena 15.
  1443 | D        | Noticed a blizzard demon
  1443 | D        | Noticed an ice dragon
  1443 | D        | Noticed a blizzard demon
  1444 | D        | Noticed an ice dragon
  1445 | D        | Noticed a frost giant
  1455 | D        | Killed a blizzard demon
  1455 | D        | Reached skill level 21 in Fighting
  1458 | D        | Killed an ice dragon
  1470 | D        | Received a gift from Trog
  1471 | D        | Killed a frost giant
  1472 | D        | Killed an ice dragon
  1472 | D        | Received a gift from Trog
  1472 | D        | Reached skill level 15 in Armour
  1478 | D        | Killed a blizzard demon
  1484 | D        | Received a gift from Trog
  1484 | D        | Reached skill level 22 in Fighting
  1485 | D        | Found a transporter.
  1501 | D        | Identified Sif Muna's Disquisition on Beguiling
  1520 | D        | Entered arena 16.
  1520 | D        | Noticed a vampire mage
  1520 | D        | Noticed a vampire knight
  1520 | D        | Noticed a vampire mage
  1525 | D        | Killed a vampire mage
  1525 | D        | Received a gift from Trog
  1525 | D        | Reached XP level 13. HP: 91/105 MP: 13/13
  1527 | D        | Received a gift from Trog
  1528 | D        | Received a gift from Trog
  1532 | D        | Killed a vampire knight
  1532 | D        | Received a gift from Trog
  1538 | D        | Received a gift from Trog
  1539 | D        | Found a transporter.
  1541 | D        | Reached skill level 5 in Maces & Flails
  1544 | D        | Received a gift from Trog
  1546 | D        | Received a gift from Trog
  1546 | D        | Received a gift from Trog
  1633 | D        | Entered arena 17.
  1643 | D        | Noticed an entropy weaver
  1644 | D        | Noticed an emperor scorpion
  1645 | D        | Noticed a spark wasp
  1659 | D        | Received a gift from Trog
  1668 | D        | Killed an entropy weaver
  1688 | D        | Killed an emperor scorpion
  1689 | D        | Received a gift from Trog
  1714 | D        | Killed a spark wasp
  1716 | D        | Reached skill level 23 in Fighting
  1745 | D        | Found a transporter.
  1751 | D        | Received a gift from Trog
  1751 | D        | Received a gift from Trog
  1751 | D        | Received a gift from Trog
  1889 | D        | Entered arena 18.
  1896 | D        | Noticed a dire elephant
  1896 | D        | Received a gift from Trog
  1896 | D        | Received a gift from Trog
  1897 | D        | Got a bloodstained eveningstar {god gift}
  1898 | D        | Identified the +6 eveningstar of the Pyrrhic Victory {vamp, rN+} (Trog gifted it to you in the Dungeon)
  1924 | D        | Received a gift from Trog
  1927 | D        | Killed a dire elephant
  1929 | D        | Received a gift from Trog
  1930 | D        | Received a gift from Trog
  1933 | D        | Noticed a spriggan defender
  1933 | D        | Received a gift from Trog
  1936 | D        | Killed a spriggan defender
  1938 | D        | Received a gift from Trog
  1938 | D        | Reached skill level 10 in Maces & Flails
  1950 | D        | Received a gift from Trog
  1974 | D        | Found a transporter.
  2100 | D        | Entered arena 19.
  2100 | D        | Noticed a vampire knight
  2100 | D        | Noticed a vampire knight
  2115 | D        | Killed a vampire knight
  2115 | D        | Received a gift from Trog
  2116 | D        | Received a gift from Trog
  2116 | D        | Received a gift from Trog
  2116 | D        | Reached skill level 24 in Fighting
  2117 | D        | Killed a vampire knight
  2117 | D        | Gained mutation: Your large and strong wings let you fly indefinitely. [Gargoyle growth]
  2117 | D        | Reached XP level 14. HP: 82/116 MP: 14/14
  2121 | D        | Noticed a lich
  2124 | D        | Found a transporter.
  2124 | D        | Killed a lich
  2124 | D        | Received a gift from Trog
  2141 | D        | Received a gift from Trog
  2255 | D        | Entered arena 20.
  2273 | D        | Received a gift from Trog
  2296 | D        | Received a gift from Trog
  2298 | D        | Received a gift from Trog
  2304 | D        | Received a gift from Trog
  2307 | D        | Received a gift from Trog
  2324 | D        | Found the +9 staff of Wucad Mu {channel}
  2324 | D        | Found a transporter.
  2326 | D        | Received a gift from Trog
  2453 | D        | Entered arena 21.
  2467 | D        | Noticed an orb of fire
  2467 | D        | Noticed a balrug
  2469 | D        | Noticed a balrug
  2476 | D        | Received a gift from Trog
  2480 | D        | Noticed a balrug
  2482 | D        | Killed a balrug
  2482 | D        | Received a gift from Trog
  2486 | D        | Received a gift from Trog
  2489 | D        | Noticed a fire giant
  2490 | D        | Received a gift from Trog
  2518 | D        | Killed an orb of fire
  2518 | D        | Received a gift from Trog
  2521 | D        | HP: 8/174 [efreet/bolt of fire (3)]
  2528 | D        | HP: 3/174 [balrug/+1 vampiric halberd (3)]
  2528 | D        | Slain by a balrug

Skill      XL: |  1  2  3  4  5  6  7  8  9 10 11 12 13 14 |
---------------+-------------------------------------------+-----
Polearms       | 12 | 12.4
Shields        | 9 10 13 15 18 | 18.7
Fighting       | 5 7 11 14 19 22 24 | 24.8
Armour         | 3 4 7 9 12 15 17 20 | 20.3
Crossbows      | 10 11 | 11.7
Maces & Flails | 2 11 12 | 12.6
Dodging        | |  1.5

Action                   |  1- 3 |  4- 6 |  7- 9 | 10-12 | 13-15 || total
-------------------------+-------+-------+-------+-------+-------++-------
Melee: Lance             |     4 |     4 |    75 |   226 |   177 ||   486
Invok: Berserk           |     1 |       |     1 |     3 |     3 ||     8
       Brothers in Arms  |       |       |       |    14 |    17 ||    31
       Trog's Hand       |       |       |       |     1 |     6 ||     7
       Burn Spellbooks   |       |       |       |     3 |     5 ||     8
Evoke: Wand              |       |       |       |     1 |     5 ||     6
       Lightning rod     |       |       |       |     1 |     1 ||     2
       Lamp of fire      |       |       |       |     1 |       ||     1
  Use: Potion            |       |       |     1 |     2 |    12 ||    15
       Scroll            |       |       |       |       |     8 ||     8
 Stab: Distracted        |       |       |       |       |     1 ||     1
       Invisible         |       |       |       |       |     1 ||     1
  Eat: Chunk             |       |       |       |     6 |    10 ||    16
       Ration            |       |       |       |     2 |     2 ||     4
Armor: Plate armour      |       |     1 |    31 |    31 |       ||    63
       Gold dragon scale |       |       |       |   107 |   292 ||   399
Dodge: Dodged            |     2 |     1 |    15 |    49 |    85 ||   152
Block: Buckler           |       |       |     4 |       |       ||     4
       Shield            |       |       |    29 |   174 |   216 ||   419
       Reflection        |       |       |       |     4 |     1 ||     5
